Map: New Repugnancy LE

Players

Serral - Winner!

  • Race: Zerg Zerg
  • Spawn Location: 7:00

ShoWTimE

  • Race: Protoss Protoss
  • Spawn Location: 1:00

Event: 2019 WCS Summer

VOD

Have the link to the VOD?

Description

Time

  • Played on: July 14, 2019, 1:58 p.m.
  • Length: 11:33

All games in this series

Show
View Real Time Build Order
Export as new Build Order

Serral Zerg - Winner!

Build Orders: Hatch First, Muta Ling Bane 

Get SALT Encoding   

  12  0:00  Drone  
  13  0:12  Overlord  
  13  0:16  Drone  
  14  0:30  Drone x2  
  16  0:48  Hatchery  
  15  0:51  Drone  
  15  0:54  Drone  
  17  0:57  Drone  
  18  1:08  Extractor  
  17  1:13  Spawning Pool  
  17  1:17  Drone  
  17  1:20  Drone  
  18  1:28  Drone  
  19  1:38  Drone  
  20  1:49  Overlord  
  20  1:59  Queen x2  
  20  2:00  Zergling x4  
  26  2:08  Metabolic Boost  
  26  2:10  Drone  
  26  2:12  Drone  
  28  2:22  Drone x2  
  30  2:36  Hatchery  
  29  2:41  Overlord  
  29  2:44  Drone x2  
  31  2:55  Queen  
  31  2:57  Drone x2  
  35  3:01  Drone  
  36  3:12  Drone x6  
  42  3:17  Drone x2  
  44  3:23  Overlord  
  44  3:26  Lair  
  44  3:35  Roach Warren  
  44  3:38  Zergling x2  
  44  3:41  Overlord  
  44  3:42  Drone x2  
  44  3:43  Drone  
  44  3:44  Drone  
  44  3:47  Drone  
  44  3:48  Drone  
  50  3:53  Overlord  
  50  3:54  Drone  
  51  3:58  Drone  
  52  4:03  Drone  
  52  4:05  Extractor x2  
  52  4:07  Zergling x8  
  55  4:13  Zergling x8, Spore Crawler  
  58  4:21  Drone  
  59  4:25  Overseer, Roach x3  
  65  4:31  Roach x2  
  67  4:44  Drone x5  
  67  4:45  Drone  
  72  4:49  Drone x3  
  72  4:52  Overlord  
  73  4:56  Overlord  
  73  5:00  Overlord  
  73  5:08  Extractor  
  73  5:10  Spire  
  73  5:11  Roach x2  
  75  5:14  Roach  
  75  5:18  Roach  
  79  5:22  Drone x2  
  79  5:27  Drone x2  
  83  5:32  Roach x2  
  83  5:34  Overlord  
  86  5:41  Drone x7  
  92  5:44  Glial Reconstitution  
  92  5:49  Extractor x2  
  90  5:53  Roach x3  
  90  5:54  Overseer  
  94  6:02  Drone x2  
  93  6:04  Drone x2  
  93  6:06  Overlord  
  93  6:08  Overlord  
  93  6:11  Queen  
  97  6:23  Mutalisk x4  
  97  6:24  Mutalisk  
  107  6:29  Drone x4  
  107  6:30  Drone x2  
  112  6:33  Drone  
  112  6:34  Drone  
  112  6:36  Evolution Chamber  
  112  6:38  Mutalisk  
  112  6:39  Mutalisk  
  117  6:44  Overlord x2  
  117  6:50  Roach x2  
  117  6:54  Overlord x2  
  121  6:56  Overlord  
  121  7:01  Zerg Missile Weapons Level 1  
  121  7:05  Roach x3  
  121  7:06  Zergling x4  
  131  7:08  Ravager x3  
  131  7:13  Ravager  
  131  7:15  Zergling x12  
  138  7:19  Ravager x2  
  138  7:21  Roach x2  
  144  7:27  Roach x3  
  147  7:37  Roach x3  
  147  7:38  Roach x3  
  157  7:45  Drone x2  
  157  7:47  Roach  
  157  7:51  Overlord  
  159  7:52  Overlord  
  159  7:54  Overlord  
  159  7:58  Zergling x2  
  126  8:13  Zergling x12, Roach x2  
  136  8:24  Hatchery, Roach x2  
  139  8:33  Mutalisk x5  
  147  8:42  Mutalisk x2  
  149  8:52  Baneling Nest  
  149  8:54  Zergling x16  
  156  8:56  Zerg Melee Weapons Level 1  
  156  8:57  Ravager  
  157  9:03  Overlord x2  
  157  9:05  Ravager x3  
  157  9:06  Zergling x6  
  157  9:08  Overseer  
  163  9:11  Overlord  
  163  9:13  Zergling x2  
  164  9:23  Zergling x14  
  171  9:33  Zergling x8  
  171  9:36  Centrifical Hooks  
  175  9:49  Zergling x2  
  175  9:50  Zergling x24  
  185  10:03  Zergling x12  
  185  10:05  Overseer  
  191  10:14  Baneling x19  
  191  10:15  Baneling x9  
  191  10:17  Zergling x12  
  197  10:30  Baneling x24  
  197  10:33  Zergling x6  
  200  10:41  Baneling x7  
  195  10:53  Zergling x2  
  195  10:54  Zergling x12  
  200  11:02  Zergling x2  
  200  11:03  Zergling x24  
  179  11:11  Zergling x2  
  179  11:12  Zergling x16  
Show
View Real Time Build Order
Export as new Build Order

ShoWTimE Protoss 

Build Orders: 1 Gate Expand, Archon Immortal, Archon Drop, Dark Templar Rush 

Get SALT Encoding   

  12  0:00  Probe  
  13  0:12  Probe  
  14  0:18  Pylon  
  14  0:24  Probe  
  14  0:28  Assimilator  
  15  0:36  Probe  
  16  0:44  Gateway  
  16  0:45  Probe  
  17  0:53  Probe  
  17  1:03  Probe  
  19  1:15  Probe  
  20  1:26  Nexus  
  20  1:35  Cybernetics Core  
  20  1:38  Probe  
  21  1:43  Assimilator  
  21  1:51  Probe  
  21  1:53  Pylon  
  22  2:02  Stalker  
  22  2:03  Probe  
  23  2:12  Warp Gate  
  23  2:15  Probe  
  26  2:21  Twilight Council  
  26  2:27  Probe  
  27  2:34  Probe  
  27  2:37  Probe  
  27  2:39  Robotics Facility  
  27  2:42  Probe  
  29  2:45  Probe  
  31  2:52  Probe  
  31  2:55  Probe  
  33  3:03  Dark Shrine  
  33  3:04  Probe  
  34  3:07  Probe  
  34  3:09  Adept  
  37  3:18  Gateway  
  37  3:21  Warp Prism  
  37  3:24  Gateway  
  38  3:34  Probe  
  38  3:35  Probe  
  40  3:43  Probe  
  40  3:46  Probe  
  40  3:47  Pylon  
  42  3:49  Assimilator  
  42  3:51  Assimilator, Probe  
  43  3:59  Probe  
  43  4:02  Probe  
  44  4:04  Pylon  
  45  4:11  Probe  
  45  4:14  Probe  
  47  4:18  Dark Templar x2  
  47  4:21  Dark Templar  
  47  4:22  Probe  
  53  4:24  Probe  
  53  4:30  Probe  
  55  4:32  Observer, Pylon  
  55  4:36  Probe  
  56  4:40  Probe  
  56  4:43  Immortal  
  61  5:01  Probe x2  
  61  5:02  Pylon  
  61  5:05  Dark Templar x2  
  67  5:10  Dark Templar x2  
  67  5:12  Archon, Pylon  
  67  5:15  Immortal, Adept, Archon  
  67  5:18  Probe  
  71  5:24  Forge, Pylon  
  74  5:33  Probe  
  74  5:34  Probe  
  76  5:41  Sentry  
  78  5:43  Sentry x2  
  82  5:51  Gateway  
  82  5:53  Gateway  
  82  6:00  Nexus  
  82  6:02  Pylon  
  82  6:06  Immortal  
  86  6:11  Probe  
  86  6:12  Probe  
  86  6:15  Sentry, Protoss Ground Weapons Level 1  
  90  6:20  Pylon  
  90  6:23  Probe  
  90  6:24  Probe  
  92  6:27  Gateway  
  92  6:34  Zealot x2  
  92  6:35  Shield Battery  
  92  6:37  Blink  
  92  6:39  Probe  
  97  6:43  Probe  
  98  6:52  Immortal  
  102  6:58  Pylon  
  102  7:04  Photon Cannon  
  102  7:06  Photon Cannon  
  102  7:11  Stalker x2  
  102  7:14  Stalker  
  105  7:19  Stalker  
  102  7:24  Stalker  
  102  7:33  Stalker  
  102  7:34  Probe x2  
  102  7:35  Probe  
  107  7:46  Probe x2  
  107  7:48  Stalker x3  
  107  7:49  Probe  
  114  7:56  Sentry x2  
  114  7:58  Probe x2  
  114  8:01  Probe  
  114  8:04  Protoss Ground Weapons Level 2  
  114  8:07  Stalker  
  114  8:10  Probe x2  
  103  8:13  Probe  
  104  8:21  Probe x2  
  104  8:26  Probe  
  103  8:29  Probe x2  
  103  8:32  Stalker  
  107  8:37  Probe  
  107  8:38  Probe x2  
  106  8:43  Stalker x2  
  111  8:48  Probe  
  111  8:49  Probe  
  111  8:50  Probe  
  111  8:54  Assimilator  
  114  8:57  Assimilator  
  114  9:00  Probe  
  114  9:01  Probe  
  114  9:02  Charge, Probe  
  117  9:06  Dark Templar  
  117  9:07  Dark Templar  
  121  9:12  Phoenix  
  121  9:13  Probe, Archon  
  122  9:21  Stalker x2  
  126  9:26  Photon Cannon  
  126  9:31  Pylon  
  126  9:33  Photon Cannon  
  126  9:36  Stalker x2  
  129  9:48  Stalker x2  
  133  9:53  Photon Cannon  
  133  10:04  Pylon  
  133  10:05  Dark Templar  
  133  10:06  Dark Templar, Pylon  
  137  10:11  Archon  
  137  10:18  Stalker x3  
  141  10:27  Immortal  
  141  10:31  Templar Archives  
  145  10:45  Sentry  
  145  10:46  Sentry x2  
  151  10:51  Sentry  
  151  10:52  Stalker x2  
  157  10:57  Pylon  
  123  11:15  Zealot x5  
  125  11:20  Stalker  
Tags
 
Add a new tag
Caveats
  • Supply blocks, unpowered buildings, or Contaminate may cause inaccurate times.
  • Supply counts are checked every 10 seconds.